 Dungeon Crawl Stone Soup version 0.31.0-12-g77e489cdc1 (webtiles) character file.

Game seed: 10388792801806790174

17322 jagang the Carver (level 12, -4/95 HPs)
             Began as a Human Monk on Feb 16, 2024.
             Was an Elder of the Shining One.
             Slain by a two-headed ogre
             ... wielding a +0 giant spiked club
              (8 damage)
             ... on level 1 of the Orcish Mines.
             The game lasted 00:40:57 (11769 turns).

jagang the Carver (Human Monk)                     Turns: 11769, Time: 00:40:58

Health: -4/95      AC: 26    Str: 12    XL:     12   Next: 46%
Magic:  0/17       EV:  1    Int: 11    God:    the Shining One [****..]
Gold:   962        SH: 19    Dex: 20    Spells: 11/11 levels left

rFire   + . .        p - +4 scimitar (flame)
rCold   . . .        q - +2 tower shield
rNeg    + + .        N - +10 plate armour {ponderous}
rPois   .            (no helmet)
rElec   .            F - +0 cloak
rCorr   +            (no gloves)
SInv    .            G - +0 pair of boots
Will    .....        d - amulet of guardian spirit Stlth
                     h - ring of resist corrosion
HPRegen 0.35/turn    e - ring of protection from fire
MPRegen 0.15/turn

%: guardian spirit
@: glowing, silenced, slow
A: explore regen
a: Renounce Religion


You were on level 1 of the Orcish Mines.
You worshipped the Shining One.
The Shining One was greatly pleased with you.
You visited 2 branches of the dungeon, and saw 11 of its levels.

You collected 1124 gold pieces.
You spent 162 gold pieces at shops.

Inventory:

Hand Weapons
 p - a +4 scimitar of flaming (weapon)
 v - a +0 scimitar
Missiles
 t - 3 throwing nets (quivered)
 x - 20 boomerangs
 C - 5 poisoned darts
Armour
 q - a +2 tower shield (worn)
 F - a +0 cloak (worn)
 G - a +0 pair of boots (worn)
 N - a +10 plate armour of ponderousness (worn)
Jewellery
 d - an amulet of guardian spirit (around neck)
 e - a ring of protection from fire (right hand)
 h - a ring of resist corrosion (left hand)
 j - a ring of magical power
 m - a ring of fire
 z - a ring of protection from fire
Wands
 u - a wand of digging (3)
 D - a wand of flame (13)
 E - a wand of roots (16)
Scrolls
 a - a scroll of enchant armour
 i - 2 scrolls of vulnerability
 l - a scroll of revelation
 r - a scroll of amnesia
 s - a scroll of poison
 y - a scroll of teleportation
 A - a scroll of butterflies
 I - a scroll of brand weapon
 J - a scroll of immolation
 K - a scroll of noise {unknown}
 L - a scroll of fear {unknown}
Potions
 b - a potion of magic {unknown}
 c - 2 potions of ambrosia
 f - a potion of resistance {unknown}
 g - 2 potions of heal wounds {unknown}
 k - 3 potions of lignification
 n - a potion of mutation {unknown}
 o - 2 potions of degeneration {unknown}
 w - 5 potions of brilliance {unknown}
 B - 3 potions of curing {unknown}
 H - a potion of berserk rage
 M - a potion of haste {unknown}


   Skills:
 + Level 9.0 Fighting
 * Level 12.2 Long Blades
 + Level 3.9 Throwing
 + Level 8.2 Armour
 - Level 3.0 Dodging
 + Level 7.8 Shields
 + Level 7.9 Invocations


You had 11 spell levels left.
You didn't know any spells.
Your spell library contained the following spells:

 Spells                   Type           Power      Damage    Failure   Level
 Apportation              Tloc           0%         N/A       100%        1
 Necrotise                Necr           0%         1d4       100%        1
 Sting                    Conj/Alch      0%         1d3       100%        1
 Summon Small Mammal      Summ           0%         N/A       100%        1
 Brom's Barrelling Bould  Conj/Erth      0%         2d3       100%        4
 Summon Blazeheart Golem  Fire/Summ      0%         N/A       100%        4
 Fireball                 Conj/Fire      0%         3d3       100%        5
 Iskenderun's Battlesphe  Conj           0%         2d6       100%        5
 Conjure Ball Lightning   Conj/Air       0%         3x3d6     100%        6
 Orb of Destruction       Conj           0%         9d5       100%        7
 Spellforged Servitor     Conj/Summ      0%         N/A       100%        7


Dungeon Overview and Level Annotations

Branches:
Dungeon (9/15)             Temple (0/1) D:6             Orc (2/2) D:9
    Elf (0/3) Orc:2
   Lair: D:8-11

Altars:
Cheibriados
Dithmenos
Elyvilon
Fedhas
Gozag
Hepliaklqana
Trog
Xom
Yredelemnul
Zin
The Shining One

Shops:
D:4 *   D:5 =   Orc:1 =   Orc:2 ([*

Annotations:
D:6 3 runed translucent doors, Silvore's ghost, novice DsFi
Orc:1 1 transporter, 1 runed translucent door
Orc:2 3 runed translucent doors, Janerl's ghost, journeyman MiBe


Innate Abilities, Weirdness & Mutations

You regain HP and MP as you explore.


Message History

The two-headed ogre goes berserk!
The moth of wrath goads the ettin on!
The ettin goes berserk!
You hit the troll but do no damage.
The troll is heavily wounded.
You block the troll's attack. x2; The troll claws you but does no damage.
The two-headed ogre hits you with a +0 giant spiked club!!
You block the two-headed ogre's attack.
Throw: 4 throwing nets
Press: ? - help, Q - select action, (/) - cycle Shift-Dir - straight line, f - ettin
Aim: an ettin, wielding two +0 dire flails (silenced, berserk, haloed, 97% to hit)
You throw a throwing net. The throwing net hits the ettin.
The ettin is caught in the net!
The two-headed ogre hits you with a +0 giant spiked club.
The two-headed ogre hits you but does no damage.
The ettin struggles against the net.
You hit the two-headed ogre. You burn the two-headed ogre.
The two-headed ogre is lightly wounded.
You block the two-headed ogre's attack. The two-headed ogre barely misses you.
The ettin struggles against the net. x2
You slice the two-headed ogre!! You burn the two-headed ogre.
The two-headed ogre is moderately wounded.
The two-headed ogre hits you with a +0 giant spiked club!
The two-headed ogre hits you with a +0 giant club!!
The ettin struggles against the net.
The net rips apart, and the ettin comes free!
You hit the two-headed ogre but do no damage.
The two-headed ogre is moderately wounded.
The two-headed ogre hits you with a +0 giant spiked club!
* * * LOW HITPOINT WARNING * * *
The two-headed ogre hits you with a +0 giant club!!
* * * LOW HITPOINT WARNING * * *
You block the ettin's attack. x3; The ettin hits you but does no damage.
You block the two-headed ogre's attack.
The two-headed ogre hits you with a +0 giant club!
* * * LOW HITPOINT WARNING * * *
Okay, then.
Magic scrolls do not work when you're silenced!
Okay, then.
The two-headed ogre hits you with a +0 giant spiked club!
You die...

##.########.......#####
### #.......# #...[...#
###.©.### #y#####y#
########## ##..'.©.+..
#...TO..+ #....#C@.#
#○#..#######
###..#y##W## y#..## +#
#e#...C$:_[$$...
#e#....$!))$....
..⌠..$($..⌠..
.......... ## .......


You could see an ettin (berserk), a two-headed ogre (berserk), a moth of wrath
(unsilenced) and a troll (berserk).

Vanquished Creatures
  5 orc knights (Orc:2)
  Maurice (D:8)
  6 orc sorcerers (Orc:2)
  A cyclops (Orc:1)
  Joseph (D:9)
  2 trolls
  17 yaks (D:9)
  A wyvern (D:9)
  4 steam dragons
  11 wargs
  A water moccasin (D:8)
  2 sky beasts
  24 orc warriors
  2 black bears (D:8)
  An ice beast (D:7)
  3 centaurs
  A kobold brigand (D:7)
  A phantom (D:6)
  5 bullfrogs
  6 scorpions
  A gnoll sergeant (D:9)
  5 wights
  11 killer bees
  2 vampire bats (Orc:1)
  9 howler monkeys
  A bullfrog zombie (D:6)
  2 centaur zombies (D:6)
  A bullfrog skeleton (D:6)
  4 hounds
  A jelly (D:4)
  8 orc priests
  2 bombardier beetles
  2 gnoll boudas
  2 centaur skeletons (D:6)
  2 sleepcaps
  Jessica (D:2)
  2 iguanas
  Natasha (thrice) (D:3)
  24 orc wizards
  2 howler monkey zombies (D:6)
  13 gnolls
  8 adders
  4 ribbon worms
  3 dart slugs
  68 orcs
  8 endoplasms
  5 giant cockroaches
  7 goblins
  10 hobgoblins
  2 jackals (D:4)
  A quokka (D:5)
  2 ball pythons
  15 bats
  5 frilled lizards
  5 kobolds
  3 rats
339 creatures vanquished.

Vanquished Creatures (others)
  An orc (Orc:2)
1 creature vanquished.

Grand Total: 340 creatures vanquished

Notes
Turn   | Place    | Note
-------+----------+-------------------------------------------
     0 | D:1      | jagang the Human Monk began the quest for the Orb.
     0 | D:1      | Reached XP level 1. HP: 18/18 MP: 1/1
    83 | D:1      | Reached XP level 2. HP: 24/24 MP: 2/2
   800 | D:2      | Reached skill level 1 in Armour
   800 | D:2      | Reached XP level 3. HP: 27/29 MP: 3/3
  1065 | D:2      | Noticed Jessica
  1078 | D:2      | Killed Jessica
  1079 | D:2      | Reached skill level 4 in Long Blades
  1079 | D:2      | Reached XP level 4. HP: 15/35 MP: 4/4
  1479 | D:3      | Noticed Natasha
  1484 | D:3      | Killed Natasha
  1570 | D:3      | Noticed Natasha
  1576 | D:3      | Killed Natasha
  1577 | D:3      | Reached XP level 5. HP: 27/42 MP: 5/5
  1805 | D:3      | Found a hazy altar of Hepliaklqana.
  1832 | D:3      | Noticed Natasha
  1843 | D:3      | Killed Natasha
  2262 | D:4      | Reached skill level 5 in Long Blades
  2262 | D:4      | Reached XP level 6. HP: 31/48 MP: 6/6
  2348 | D:4      | Reached skill level 1 in Shields
  2665 | D:4      | Found Xagin's CLEARANCE SALE!.
  2668 | D:4      | Reached XP level 7. HP: 53/55 MP: 7/7
  2816 | D:4      | Bought a scroll of poison for 20 gold pieces
  3157 | D:5      | Entered Level 5 of the Dungeon
  3232 | D:5      | Reached skill level 6 in Long Blades
  3363 | D:5      | Found Xeulox's Jewellery Boutique.
  3624 | D:5      | Found a white marble altar of Elyvilon.
  3624 | D:5      | Found a glowing silver altar of Zin.
  3624 | D:5      | Found a glowing golden altar of the Shining One.
  3632 | D:5      | Became a worshipper of the Shining One
  3632 | D:5      | Reached * piety under the Shining One
  3632 | D:5      | Reached ** piety under the Shining One
  4118 | D:5      | Reached skill level 5 in Fighting
  4118 | D:5      | Reached skill level 1 in Invocations
  4118 | D:5      | Reached XP level 8. HP: 58/62 MP: 8/8
  4310 | D:6      | Found a basalt altar of Yredelemnul.
  4436 | D:6      | Reached skill level 7 in Long Blades
  4732 | D:6      | Found a staircase to the Ecumenical Temple.
  4925 | D:6      | Found a runed translucent gate.
  4925 | D:6      | Found a runed translucent gate.
  4925 | D:6      | Found a runed translucent gate.
  4925 | D:6      | Reached *** piety under the Shining One
  4929 | D:6      | Noticed Silvore's ghost (novice DsFi)
  4966 | D:6      | Reached XP level 9. HP: 63/69 MP: 11/11
  5035 | D:6      | Found a shimmering altar of Xom.
  5288 | D:6      | Found an opulent altar of Gozag.
  5504 | D:7      | Found a shadowy altar of Dithmenos.
  5700 | D:7      | Noticed a troll
  5707 | D:7      | Killed a troll
  5708 | D:7      | Reached skill level 8 in Long Blades
  5708 | D:7      | Reached skill level 5 in Armour
  6467 | D:8      | Found a bloodstained altar of Trog.
  6617 | D:8      | Reached skill level 5 in Shields
  6701 | D:8      | Reached skill level 9 in Long Blades
  6705 | D:8      | Reached XP level 10. HP: 63/77 MP: 13/13
  6814 | D:8      | Noticed Maurice
  6818 | D:8      | Killed Maurice
  6938 | D:8      | Reached skill level 5 in Invocations
  7026 | D:8      | Found a blossoming altar of Fedhas.
  7026 | D:8      | Found a snail-covered altar of Cheibriados.
  7608 | D:9      | Reached skill level 10 in Long Blades
  7741 | D:9      | Noticed a white ugly thing
  7741 | D:9      | Noticed a centaur warrior
  7819 | D:9      | Reached **** piety under the Shining One
  7825 | D:9      | Reached XP level 11. HP: 57/84 MP: 10/15
  7825 | D:9      | Noticed Joseph
  7876 | D:9      | Killed Joseph
  8031 | D:9      | Found a staircase to the Orcish Mines.
  8332 | Orc:1    | Entered Level 1 of the Orcish Mines
  8429 | Orc:1    | Found a transporter.
  8430 | Orc:1    | Noticed a moth of wrath
  8430 | Orc:1    | Noticed a moth of wrath
  8437 | Orc:1    | Found a transporter.
  8493 | Orc:2    | Entered Level 2 of the Orcish Mines
  8498 | Orc:2    | Found a staircase to the Elven Halls.
  8917 | Orc:1    | Noticed a cyclops
  8924 | Orc:1    | Killed a cyclops
  8925 | Orc:1    | Reached skill level 11 in Long Blades
  8925 | Orc:1    | Reached skill level 1 in Throwing
  9157 | Orc:1    | Found Wexijysa's Jewellery Emporium.
  9159 | Orc:1    | Noticed an ettin
  9159 | Orc:1    | Noticed a moth of wrath
  9221 | Orc:1    | Noticed a moth of wrath
  9237 | Orc:1    | Found a bloodstained altar of Trog.
  9237 | Orc:1    | Found the +8 Wrath of Trog {antimagic, *Rage Rampage}
  9798 | Orc:2    | Noticed an orc sorcerer
  9799 | Orc:2    | Paralysed by an orc sorcerer for 2 turns
  9806 | Orc:2    | Paralysed by an orc sorcerer for 2 turns
  9813 | Orc:2    | Killed an orc sorcerer
 10188 | Orc:2    | Found Vakaes's Antique Weapon Boutique.
 10188 | Orc:2    | Noticed an orc sorcerer
 10188 | Orc:2    | Noticed an orc sorcerer
 10188 | Orc:2    | Noticed an orc sorcerer
 10189 | Orc:2    | Noticed an orc sorcerer
 10190 | Orc:2    | Noticed an orc sorcerer
 10202 | Orc:2    | Paralysed by an orc sorcerer for 2 turns
 10213 | Orc:2    | Killed an orc sorcerer
 10218 | Orc:2    | Killed an orc sorcerer
 10224 | Orc:2    | Noticed an orc knight
 10226 | Orc:2    | Paralysed by an orc sorcerer for 4 turns
 10230 | Orc:2    | Noticed a sixfirhy
 10230 | Orc:2    | Killed an orc sorcerer
 10232 | Orc:2    | Killed an orc sorcerer
 10232 | Orc:2    | Killed an orc knight
 10233 | Orc:2    | Reached XP level 12. HP: 84/94 MP: 5/17
 10547 | Orc:2    | Found Ugevaer's Antique Armour Shop.
 10695 | Orc:2    | Reached skill level 12 in Long Blades
 11071 | Orc:2    | Found Seesm's Assorted Antiques.
 11077 | Orc:2    | Bought a scroll labelled XYVUNW JOLIT for 25 gold pieces
 11077 | Orc:2    | Bought a scroll labelled YGIZOAG SURUUNLUF for 25 gold
                  | pieces
 11077 | Orc:2    | Bought a grey potion for 22 gold pieces
 11077 | Orc:2    | Bought a wand of flame (4) for 70 gold pieces
 11534 | Orc:2    | Found a runed translucent gate.
 11534 | Orc:2    | Found a runed translucent gate.
 11534 | Orc:2    | Found a runed translucent gate.
 11534 | Orc:2    | Noticed Janerl's ghost (journeyman MiBe)
 11753 | Orc:1    | Found a runed translucent door.
 11756 | Orc:1    | Noticed a two-headed ogre
 11756 | Orc:1    | Noticed a deep elf demonologist
 11768 | Orc:1    | HP: 3/95 [two-headed ogre/+0 giant spiked club (7)]
 11769 | Orc:1    | Slain by a two-headed ogre

Illustrated notes

Levels and vault maps discovered:
D:1:      eino_arrival_cavern_b, layout_basic, st_stairs_6,
          chequers_serial_rivers_small_3, nicolae_wormholes
D:2:      layout_rooms, uniq_jessica
D:3:      layout_loops_ring, old_standard_altar, serial_park_tiny_2,
          hangedman_decor_points, uniq_natasha
D:4:      layout_loops_ring, serial_library_hellmonk_u_bend,
          nicolae_shop_clearance
D:5:      layout_basic, dreamdust_divine_triumvirate, serial_shops, shop
D:6:      layout_layer_cave, old_standard_altar, xom_teletrap_fun,
          kennysheep_mini_moat, minmay_temple_entry_hall, serial_undead,
          serial_undead_d, serial_undead_d, serial_undead_a, serial_undead_d,
          serial_undead_f, gammafunk_ghost_necromancy
D:7:      layout_loops_ring, grunt_dithmenos_smoke_and_mirrors
D:8:      kennysheep_steamy, layout_basic, nicolae_overflow_two_pavilions,
          lemuel_coloured_pillars_altar, kennysheep_generic_room_16,
          uniq_maurice
D:9:      layout_rooms, orc_0_dummy, lightli_corner_chamber, uniq_joseph
Orc:1:    emtedronai_trogs_sanctum, layout_diamond_mine, serial_shops, shop,
          roderic_batcave
Orc:2:    st_orc_town, layout_diamond_mine, ebering_ghost_rock_garden

Skill      XL: |  1  2  3  4  5  6  7  8  9 10 11 12 |
---------------+-------------------------------------+-----
Armour         | 1 2 3 4 5 6 7 8 |  8.2
Long Blades    | 4 5 6 7 9 10 11 12 | 12.2
Fighting       | 4 5 6 7 8 9 |  9.0
Shields        | 1 2 3 5 6 7 |  7.8
Invocations    | 1 2 4 6 7 |  7.9
Throwing       | 3 |  3.9
Dodging        | |  3.0

Action                     |  1- 3 |  4- 6 |  7- 9 | 10-12 || total
---------------------------+-------+-------+-------+-------++-------
  Melee: Falchion          |    95 |       |       |       ||    95
         Scimitar          |       |    80 |   218 |   525 ||   823
         Club              |       |     9 |       |       ||     9
  Throw: Boomerang         |       |       |     3 |     6 ||     9
         Dart              |       |       |       |     3 ||     3
         Throwing net      |       |       |       |     1 ||     1
 Invoke: Cleansing Flame   |       |       |       |     5 ||     5
         Divine Shield     |       |       |       |     4 ||     4
  Evoke: Wand              |       |       |       |     1 ||     1
    Use: Scroll            |       |     2 |     9 |     3 ||    14
 Armour: Robe              |    49 |    25 |       |       ||    74
         Ring mail         |       |     9 |       |       ||     9
         Chain mail        |       |    21 |   183 |    39 ||   243
         Plate armour      |       |       |       |   372 ||   372
  Dodge: Dodged            |    66 |    45 |    40 |    15 ||   166
  Block: Tower shield      |       |       |   225 |   639 ||   864
